 Dungeon Crawl Stone Soup version 0.21.0-37-g46506fa (webtiles) character file.

364 theElss the Cudgeler (level 6, -6/57 HPs)
             Began as a Gargoyle Berserker on Jan 31, 2018.
             Was a Priest of Trog.
             Mangled by an ogre
             ... wielding a +0 giant club
              (19 damage)
             ... on level 4 of the Dungeon.
             The game lasted 00:09:48 (2797 turns).

theElss the Cudgeler (Gargoyle Berserker)           Turns: 2797, Time: 00:09:49

Health: -6/57      AC: 15    Str: 28    XL:     6   Next: 67%
Magic:  6/6        EV:  9    Int:  7    God:    Trog [***...]
Gold:   262        SH:  0    Dex:  9    Spells: 5/5 levels left

rFire    . . .     SeeInvis .   a - +1 mace (venom)
rCold    . . .     Gourm    .   (no shield)
rNeg     + . .     Faith    .   h - +0 chain mail
rPois    ∞         Spirit   .   d - +0 helmet
rElec    +         Reflect  .   (no cloak)
rCorr    .         Harm     .   (no gloves)
MR       .....                  k - +0 pair of boots
Stlth    ..........             (no amulet)
HPRegen  0.19/turn              (no ring)
MPRegen  0.10/turn              (no ring)

@: berserking, very quick
A: negative energy resistance 1, electricity resistance, unbreathing,
petrification resistance, rot immunity, AC +4
a: Berserk, Trog's Hand, Burn Spellbooks, Renounce Religion


You were on level 4 of the Dungeon.
You worshipped Trog.
Trog was most pleased with you.
You were very hungry.

You visited 1 branch of the dungeon, and saw 4 of its levels.

You collected 262 gold pieces.

Inventory:

Hand Weapons
 a - a +1 mace of venom (weapon)
 b - a +0 hunting sling of freezing
Missiles
 w - 19 sling bullets
Armour
 d - a +0 helmet (worn)
 h - a +0 chain mail (worn)
 k - a +0 pair of boots (worn)
Jewellery
 i - an uncursed ring of flight {unknown}
 o - an uncursed ring of protection from cold {unknown}
 C - a +4 ring of evasion {unknown}
 D - a +3 ring of evasion {unknown}
Wands
 y - a wand of enslavement (8)
Scrolls
 e - 4 scrolls of magic mapping {unknown}
 f - a scroll of teleportation {unknown}
 g - a scroll of fog {unknown}
 j - 6 scrolls of fear {unknown}
 m - 3 scrolls of identify {unknown}
 n - a scroll of remove curse {unknown}
 q - a scroll of noise {unknown}
 r - 2 scrolls of immolation {unknown}
 t - a scroll of enchant armour {unknown}
 u - a scroll of amnesia {unknown}
Potions
 l - a potion of curing {unknown}
 p - 2 potions of brilliance {unknown}
 s - a potion of lignification {unknown}
 v - a potion of mutation {unknown}
 x - a potion of heal wounds {unknown}
 z - 2 potions of degeneration {unknown}
 A - 2 potions of agility {unknown}
Comestibles
 c - 11 rations
 B - a chunk of flesh


   Skills:
 + Level 4.1 Fighting
 + Level 5.7 Maces & Flails
 + Level 3.4 Armour
 + Level 2.7 Dodging


You had 5 spell levels left.
You didn't know any spells.

Dungeon Overview and Level Annotations

Branches:
Dungeon (4/15)
 Temple: D:4-7

Altars:
Okawaru
Sif Muna
Trog
Uskayaw
Vehumet
Xom

Annotations:
D:4 1 transporter


Innate Abilities, Weirdness & Mutations

You are resistant to torment.
Your stone body is resilient. (AC +4)
You are immune to poison.
You resist negative energy. (rN+)
You are resistant to electric shocks. (rElec)
You can survive without breathing.
You are immune to petrification.
You are immune to rotting.


Message History

The howler monkey hits you but does no damage.
The howler monkey hits you.
You closely miss the howler monkey.
The howler monkey is almost dead.
You kill the howler monkey!
Trog accepts your kill.
An ogre comes into view. It is wielding a giant club.
The ogre shouts!
You hit the ogre.
The ogre is poisoned.
The ogre is lightly wounded.
The ogre hits you with a giant club!!
Ouch! That really hurt!
* * * LOW HITPOINT WARNING * * *
You hit the ogre.
The ogre looks as sick as possible!
The ogre is moderately wounded.
A red film seems to cover your vision as you go berserk!
You feel yourself moving faster!
You feel mighty!
You are feeling very hungry.
The ogre hits you with a giant club!!
You die...

..........................#
............###...........#
....#.......# ###<........#
..(.........# ###.......#
.............# #...#####
...##........# ###...###
.............. ###...#
...............##########.#
................@.........#
###.(.## ######O###########
# ##.# #. .# ##


You could see an ogre.

Vanquished Creatures
  A scorpion (D:3)
  A howler monkey (D:4)
  A quasit (D:2)
  Terence (D:2)
  An iguana (D:3)
  A worker ant (D:3)
  A hound skeleton (D:4)
  5 adders
  An ooze (D:1)
  3 worms
  2 dart slugs (D:2)
  3 leopard geckos
  5 orcs (D:3)
  3 giant cockroaches
  7 goblins
  11 hobgoblins
  6 jackals
  3 quokkas
  11 bats
  6 frilled lizards
  A jackal skeleton (D:3)
  12 kobolds
  8 rats
94 creatures vanquished.

Vanquished Creatures (others)
  A bat (D:2)
1 creature vanquished.

Grand Total: 95 creatures vanquished

Notes
Turn   | Place    | Note
-------+----------+-------------------------------------------
     0 | D:1      | theElss the Gargoyle Berserker began the quest for the Orb.
     0 | D:1      | Reached XP level 1. HP: 14/14 MP: 1/1
   144 | D:1      | Reached XP level 2. HP: 19/19 MP: 2/2
   639 | D:1      | Reached XP level 3. HP: 17/24 MP: 3/3
   880 | D:2      | Reached ** piety under Trog
   940 | D:1      | Reached XP level 4. HP: 17/29 MP: 4/4
  1078 | D:2      | Reached skill level 4 in Maces & Flails
  1107 | D:2      | Noticed Terence
  1115 | D:2      | Killed Terence
  1186 | D:2      | Reached XP level 5. HP: 33/33 MP: 5/5
  1352 | D:2      | Found a shimmering altar of Xom.
  1488 | D:2      | Found a radiant altar of Vehumet.
  1844 | D:3      | Found a hide-covered altar of Uskayaw.
  1910 | D:3      | Found a bloodstained altar of Trog.
  2008 | D:3      | Reached skill level 5 in Maces & Flails
  2053 | D:3      | Reached XP level 6. HP: 35/38 MP: 6/6
  2091 | D:3      | Reached *** piety under Trog
  2384 | D:3      | Found a deep blue altar of Sif Muna.
  2384 | D:3      | Found an iron altar of Okawaru.
  2653 | D:4      | Found a transporter.
  2797 | D:4      | Mangled by an ogre

Skill      XL: |  1  2  3  4  5 |
---------------+----------------+-----
Maces & Flails | 4 5 |  5.7
Fighting       | 4 |  4.1
Dodging        | 2 |  2.7
Armour         | 3 |  3.4

Action                   |  1- 3 |  4- 6 || total
-------------------------+-------+-------++-------
Melee: Mace              |   131 |   194 ||   325
Invok: Berserk           |     1 |     2 ||     3
  Eat: Chunk             |     1 |     7 ||     8
Armor: Chain mail        |   169 |   155 ||   324
       Animal skin       |     1 |       ||     1
Dodge: Dodged            |   100 |   101 ||   201
